 Dungeon Crawl Stone Soup version 0.30-a0-618-gd6c86c23d0 (webtiles) character file.

Game seed: 5697416130663468782

400 dr0g0th the Poker (level 6, 0/48 HPs)
             Began as a Demonspawn Fighter on Jan 9, 2023.
             Slain by a yak (2 damage)
             ... on level 7 of the Dungeon.
             The game lasted 00:04:13 (2443 turns).

dr0g0th the Poker (Demonspawn Fighter)              Turns: 2443, Time: 00:04:14

Health: 0/48       AC: 14    Str: 16 (18) XL:     6   Next: 54%
Magic:  6/6        EV:  4    Int:  6 (8)  God:
Gold:   224        SH:  5    Dex: 15 (16) Spells: 5/5 levels left

rFire   . . .      SeeInvis .    a - +0 trident
rCold   . . .      Faith    .    c - +0 buckler
rNeg    . . .      Spirit   .    h - +0 plate armour
rPois   .          Reflect  .    (helmet restricted)
rElec   .          Harm     .    (no cloak)
rCorr   .          Rampage  .    (no gloves)
Will    .....                    g - +0 pair of boots Stlth
                                 (no amulet)
HPRegen 0.28/turn                (no ring)
MPRegen 0.20/turn                (no ring)

@: no status effects
A: antennae 1, slimy green scales 1, magic regeneration, camouflage 1, agile 1
a: no special abilities


You were on level 7 of the Dungeon.
You visited 1 branch of the dungeon, and saw 6 of its levels.

You collected 224 gold pieces.

Inventory:

Hand Weapons
 a - a +0 trident (weapon)
Armour
 c - a +0 buckler (worn)
 g - a +0 pair of boots (worn)
 h - a +0 plate armour (worn)
 r - an orb of wrath
Jewellery
 v - an amulet of reflection
Wands
 t - a wand of polymorph (15)
Scrolls
 f - a scroll of enchant weapon
 j - 2 scrolls of fog {unknown}
 k - a scroll of immolation {unknown}
 l - a scroll of silence {unknown}
 n - 2 scrolls of teleportation {unknown}
 p - a scroll of noise {unknown}
 s - a scroll of enchant armour {unknown}
 w - a scroll of amnesia {unknown}
 x - a scroll of blinking {unknown}
Potions
 e - a potion of degeneration
 m - 2 potions of flight
 u - a potion of curing


   Skills:
 + Level 4.1 Fighting
 + Level 4.5 Polearms
 + Level 3.9 Armour
 + Level 0.2 Dodging
 + Level 3.4 Shields


You had 5 spell levels left.
You didn't know any spells.
Your spell library contained the following spells:

 Spells                   Type           Power      Damage    Failure   Level
 Portal Projectile        Hex/Tloc       0%         N/A       100%        3
 Summon Guardian Golem    Hex/Summ       0%         N/A       100%        3
 Tukima's Dance           Hex            0%         N/A       100%        3
 Blade Hands              Tmut           0%         N/A       100%        5
 Orb of Destruction       Conj           0%         9d5       100%        7
 Spellforged Servitor     Conj/Summ      0%         N/A       100%        7


Dungeon Overview and Level Annotations

Branches:
Dungeon (7/15)
 Temple: D:4-7

Altars:
Qazlal

Shops:
D:2 ?


Innate Abilities, Weirdness & Mutations

You have a pair of small antennae on your head.
You are partially covered in slimy green scales. (AC +2)
You regenerate magic rapidly.
Your skin changes colour to match your surroundings (Stealth+).
You are agile. (Dex +4, Str/Int -1)


Message History

The yak bellows!
You hear a bellow!
The gnoll hits you but does no damage.
A yak comes into view.
The gnoll attacks as you move away! The gnoll hits you but does no damage.
The yak bellows!
You hear two shouts!
A yak comes into view.
You block the gnoll's attack. The yak gores you but does no damage.
The yak attacks as you move away! The yak gores you.
You block the yak's attack. The yak attacks as you move away!
The yak gores you but does no damage.
The gnoll is no longer moving quickly.
The gnoll attacks as you move away! The gnoll hits you but does no damage.
A yak comes into view.
The gnoll attacks as you move away! The gnoll hits you with a +0 whip.
Found a scroll labelled KIAROT UDWUA.
The water moccasin attacks as you move away!
The water moccasin barely misses you. The gnoll attacks as you move away!
You block the gnoll's attack. The water moccasin bites you.
As you read the scroll labelled GAOFOI KUPUX, it crumbles to dust.
You assume a fearsome visage.
The water moccasin looks frightened!
The gnoll looks frightened!
It was a scroll of fear.
Cornered, the water moccasin turns to fight!
As you read the scroll labelled CES ESTRASO, it crumbles to dust.
It is a scroll of identify.
f - a scroll of enchant weapon The yak attacks as you move away!
The yak gores you!
* * * LOW HITPOINT WARNING * * *
Found a scroll of identify.
The yak attacks as you move away! The yak gores you.
* * * LOW HITPOINT WARNING * * *
Found a forked iron wand.
The yak attacks as you move away! You block the yak's attack.
The yak attacks as you move away! The yak gores you.
* * * LOW HITPOINT WARNING * * *
The yak attacks as you move away! The yak barely misses you.
Found a hand axe.
Found a stone staircase leading up.
You see here a wand of light (11).
The yak attacks as you move away! The yak gores you.
You die...

#...#####Y.# # ....
#.........g#
##...####.##
#.....{S..#
##.?.###### #..Y##
###....####
.....?..S..####<##)
###.....##Y@.......
#..#.########....
#..#.# # #..#..
#..###


You could see 2 yaks and a water moccasin.

Vanquished Creatures
  2 water moccasins (D:6)
  A bullfrog (D:6)
  An orc priest (D:3)
  An adder (D:2)
  An ufetubus (D:6)
  2 dart slugs
  7 orcs (D:3)
  8 ball pythons
  6 endoplasms
  5 giant cockroaches
  9 hobgoblins
  5 jackals
  6 kobolds
  A quokka (D:1)
  A bat (D:1)
  4 frilled lizards
  5 goblins
  5 rats
70 creatures vanquished.

Notes
Turn   | Place    | Note
-------+----------+-------------------------------------------
     0 | D:1      | dr0g0th the Demonspawn Fighter began the quest for the Orb.
     0 | D:1      | Reached XP level 1. HP: 18/18 MP: 1/1
   275 | D:1      | Gained mutation: You have a pair of small antennae on your
                  | head. [demonic ancestry]
   275 | D:1      | Reached XP level 2. HP: 18/24 MP: 2/2
   890 | D:2      | Gained mutation: You are partially covered in slimy green
                  | scales. (AC +2) [demonic ancestry]
   890 | D:2      | Reached XP level 3. HP: 26/29 MP: 3/3
  1142 | D:2      | Found a faded altar of an unknown god.
  1212 | D:2      | Found Ollaimet's Magic Scroll Shop.
  1572 | D:3      | Reached XP level 4. HP: 35/35 MP: 4/4
  1755 | D:3      | Found a stormy altar of Qazlal.
  1841 | D:3      | You fall into a shaft and drop 3 floors!
  1850 | D:5      | Entered Level 5 of the Dungeon
  1850 | D:5      | Noticed a black bear
  1850 | D:5      | Noticed a black bear
  1894 | D:6      | Noticed a bullfrog
  1904 | D:6      | Killed a bullfrog
  1905 | D:6      | Reached XP level 5. HP: 38/42 MP: 5/5
  1950 | D:6      | Noticed a water moccasin
  1961 | D:6      | Killed a water moccasin
  1962 | D:6      | Gained mutation: You regenerate magic rapidly. [demonic
                  | ancestry]
  1962 | D:6      | Reached XP level 6. HP: 23/48 MP: 6/6
  2151 | D:6      | Noticed a water moccasin
  2167 | D:6      | Gained mutation: You are agile. (Dex +4, Str/Int -1)
                  | [potion of mutation]
  2167 | D:6      | Gained mutation: Your skin changes colour to match your
                  | surroundings (Stealth+). [potion of mutation]
  2176 | D:6      | Killed a water moccasin
  2411 | D:7      | Noticed a water moccasin
  2417 | D:7      | Noticed a yak
  2418 | D:7      | Noticed a yak
  2419 | D:7      | Noticed a yak
  2424 | D:7      | Noticed a yak
  2441 | D:7      | HP: 2/48 [yak (4)]
  2443 | D:7      | Slain by a yak

Illustrated notes

Levels and vault maps discovered:
D:1:      eino_arrival_cavern_c, layout_basic, minmay_cut_off
D:2:      layout_basic, serial_shops, nicolae_shop_behind_doors,
          ebering_ecumenical_altar_abandoned, minmay_small_reverse_x
D:3:      layout_rooms, minitemple
D:5:      layout_basic, gammafunk_ghost_mausoleum
D:6:      layout_rooms, uniq_eustachio
D:7:      layout_loops_ring, tso_metal_star, minmay_temple_entry_nine_rooms

Skill      XL: |  1  2  3  4  5 |
---------------+----------------+-----
Polearms       | 2 3 4 |  4.5
Armour         | 3 |  3.9
Shields        | 3 |  3.4
Fighting       | 4 |  4.1
Dodging        | |  0.2

Action                   |  1- 3 |  4- 6 || total
-------------------------+-------+-------++-------
Melee: Trident           |   181 |   106 ||   287
  Use: Potion            |       |    11 ||    11
       Scroll            |       |     2 ||     2
Armor: Scale mail        |    32 |       ||    32
       Plate armour      |    77 |   118 ||   195
Dodge: Dodged            |    60 |    23 ||    83
Block: Buckler           |    43 |    37 ||    80

Table legend: (Time is in decaauts)
 A = Elapsed time spent in this place.
 B = Non-inter-level travel time spent in this place.
 C = Inter-level travel time spent in this place.
 D = Time resting spent in this place.
 E = Time spent auto-exploring this place.
 F = Levels seen in this place.
 G = Mean time per level.
                   A        B        C        D        E       F      G
               +--------+--------+--------+--------+--------+-----+--------+
         Total |   2505 |   2439 |     66 |    248 |   1513 |   6 |  417.5 |
       Dungeon |   2505 |   2439 |     66 |    248 |   1513 |   6 |  417.5 |
               +--------+--------+--------+--------+--------+-----+--------+

Top non-repeatable levels by time:
     D:1: 867 daAuts
     D:2: 729 daAuts
     D:6: 573 daAuts
     D:3: 299 daAuts
     D:7: 31 daAuts
     D:5: 3 daAuts
